 Dungeon Crawl Stone Soup version 0.31-a0-265-gcf7e37af1d (webtiles) character file.

Game seed: 11035164290713788039

51 qw the Shooter (level 3, 0/29 HPs)
             Began as a Minotaur Hexslinger on July 13, 2023.
             Slain by Ijyb
             ... wielding a +0 club
              (4 damage)
             ... on level 3 of the Dungeon.
             The game lasted 00:00:33 (1208 turns).

qw the Shooter (Minotaur Hexslinger)                Turns: 1208, Time: 00:00:34

Health: 0/29       AC:  3    Str: 12    XL:     3   Next: 57%
Magic:  3/3        EV: 12    Int: 10    God:
Gold:   64         SH:  0    Dex: 14    Spells: 3/4 levels left

rFire   . . .        Y - +1 sling
rCold   . . .        (no shield)
rNeg    . . .        b - +0 leather armour
rPois   .            (helmet restricted)
rElec   .            (no cloak)
rCorr   .            (no gloves)
SInv    .            (no boots)
Will    .....        (no amulet)
Stlth   +            (no ring)
HPRegen 0.24/turn    (no ring)
MPRegen 0.08/turn

%: no passive effects
@: confused
A: horns 2, retaliatory headbutt
a: no special abilities


You were on level 3 of the Dungeon.
You visited 1 branch of the dungeon, and saw 3 of its levels.

You collected 64 gold pieces.


Innate Abilities, Weirdness & Mutations

You have a pair of horns on your head.
You reflexively headbutt those who attack you in melee.


   Skills:
 - Level 2.1 Fighting
 + Level 4.1 Ranged Weapons
 - Level 2.1 Dodging
 - Level 1.0 Spellcasting
 - Level 2.0 Hexes


You had 3 spell levels left.
You knew the following spells:

 Your Spells              Type           Power      Damage    Failure   Level
a - Slow                  Hex            16%        N/A       19%         1

Your spell library contained the following spells:

 Spells                   Type           Power      Damage    Failure   Level
 Inner Flame              Hex/Fire       2%         N/A       65%         3
 Portal Projectile        Hex/Tloc       4%         N/A       65%         3
 Cause Fear               Hex            2%         N/A       88%         4

Inventory:

Hand Weapons
 Y - a +1 sling (weapon)
Armour
 b - a +0 leather armour (worn)
Jewellery
 d - a ring of ice
Scrolls
 a - 5 scrolls of identify
Potions
 c - a potion of degeneration {unknown}

Dungeon Overview and Level Annotations

Branches:
Dungeon (3/15)

Altars:
Trog
Vehumet

Shops:
D:1 [

Annotations:
D:3 Ijyb


Message History

The sling bullet hits Ijyb but does no damage.
Ijyb is heavily wounded.
Ijyb hits you with a +0 club.
You shoot a sling bullet. The sling bullet hits Ijyb.
Ijyb is heavily wounded.
Ijyb grins evilly.
Ijyb closely misses you.
You shoot a sling bullet. The sling bullet hits Ijyb.
Ijyb is almost dead.
Ijyb hits you with a +0 club.
You shoot a sling bullet. The sling bullet hits Ijyb.
Ijyb is almost dead.
Ijyb zaps a wand.
Your will is overpowered!
You are confused.
Ijyb hits you with a +0 club.
Ijyb zaps a wand.
You resist with significant effort.
Ijyb zaps a wand.
Your will is overpowered!
You are more confused.
Ijyb hits you with a +0 club. Ijyb closely misses you.
Ijyb zaps a wand.
Your will is overpowered!
You are more confused.
Ijyb hits you with a +0 club. Ijyb closely misses you.
Ijyb hits you with a +0 club. Ijyb barely misses you. Ijyb misses you.
Ijyb hits you but does no damage.
Ijyb zaps a wand.
Your will is overpowered!
You are more confused.
Ijyb barely misses you. Ijyb hits you with a +0 club. Ijyb closely misses you.
Ijyb zaps a wand.
Your will is overpowered!
You are more confused.
Ijyb hits you with a +0 club. Ijyb hits you with a +0 club. Ijyb misses you.
Ijyb hits you with a +0 club.
You die...

## ..############
#.#..........#
#.#.########.#
######g#.# #.#
......%@.# #.#
######.### ####.# #.
##....# .. ##...#### ###
#.#.....# ###
##...##.#####
..############%###......
#.##....%....%.# #######
#.##.#########.#


You could see Ijyb.

Vanquished Creatures
  2 adders
  2 worms (D:2)
  4 endoplasms
  A giant cockroach (D:1)
  3 goblins
  2 hobgoblins
  A quokka (D:2)
  A ball python (D:3)
  5 bats
  4 kobolds
  5 rats
30 creatures vanquished.

Notes
Turn   | Place    | Note
-------+----------+-------------------------------------------
     0 | D:1      | qw the Minotaur Hexslinger began the quest for the Orb.
     0 | D:1      | Reached XP level 1. HP: 16/16 MP: 1/1
     0 | D:1      | 0 ||| qw: Version: 0.3-a-52-g30416fa
     0 | D:1      | 0 ||| qw: Game counter: 7597
     0 | D:1      | 0 ||| qw: Melee chars always use a shield: true
     0 | D:1      | 0 ||| qw: God list: Okawaru
     0 | D:1      | 0 ||| qw: Allow faded altars: false
     0 | D:1      | 0 ||| qw: Do Orc after clearing Dungeon:15 true
     0 | D:1      | 0 ||| qw: Do second Lair branch before Depths: true
     0 | D:1      | 0 ||| qw: Lair rune preference: random
     0 | D:1      | 0 ||| qw: Goals: Normal
     0 | D:1      | 0 ||| PLANNING D:1-11
    43 | D:1      | Found Noseg's Antique Armour Shop.
    52 | D:1      | 52 ||| SHOPLISTING embroidered robe (111 gold, have 0).
    52 | D:1      | 52 ||| SHOPLISTING leather armour (60 gold, have 0).
    52 | D:1      | 52 ||| SHOPLISTING twisted leather armour (210 gold, have
                  | 0).
   207 | D:1      | Reached skill level 3 in Ranged Weapons
   266 | D:1      | Reached XP level 2. HP: 23/23 MP: 2/2
   508 | D:1      | 508 ||| READING 2 scrolls labelled FEEMOJ PAXEJE.
   511 | D:1      | 511 ||| READING scroll labelled ZOWA YNAIHUOSE.
   512 | D:1      | 512 ||| DROPPING scroll of poison.
   785 | D:2      | Reached XP level 3. HP: 20/29 MP: 3/3
   793 | D:2      | 793 ||| FLEEEEING.
   794 | D:2      | 794 ||| FLEEEEING.
   795 | D:2      | 795 ||| FLEEEEING.
   805 | D:2      | 805 ||| STAIRDANCE
   980 | D:2      | 980 ||| UPGRADING to +0 leather armour.
   990 | D:2      | 990 ||| DROPPING +0 robe.
   991 | D:2      | 991 ||| DRINKING 3 golden potions.
   999 | D:3      | Found a faded altar of an unknown god.
  1048 | D:3      | Found a radiant altar of Vehumet.
  1049 | D:3      | Found a bloodstained altar of Trog.
  1094 | D:3      | Reached skill level 4 in Ranged Weapons
  1173 | D:3      | Noticed Ijyb
  1176 | D:3      | 1176 ||| DRINKING 2 potions of curing.
  1176 | D:3      | 1176 ||| (to cure confusion)
  1183 | D:3      | 1183 ||| DRINKING potion of curing.
  1183 | D:3      | 1183 ||| (to cure confusion)
  1205 | D:3      | HP: 7/29 [Ijyb/+0 club (3)]
  1208 | D:3      | Slain by Ijyb

Levels and vault maps discovered:
D:1:      dpeg_arrival_brainrot, layout_basic, serial_shops,
          nicolae_shop_competitors_out_of_business
D:2:      layout_basic, st_stairs_13
D:3:      layout_loops_ring, tso_altar, amethyst_overflow_temple_binary,
          shapermc_ecumenical_altar_venn, uniq_ijyb

Skill      XL: |  1  2  3 |
---------------+----------+-----
Ranged Weapons | 3 4 |  4.1
Fighting       | 2 |  2.1
Dodging        | |  2.1
Spellcasting   | |  1.0
Hexes          | |  2.0

Action                     || total
---------------------------++-------
   Fire: Sling             ||    97
    Use: Scroll            ||     2
         Potion            ||     3
 Armour: Robe              ||     3
         Leather armour    ||     4
  Dodge: Dodged            ||    27

Table legend:
 A = Non-vault XP
 B = Vault XP
 C = Vault XP percentage of total XP
 D = Non-vault monster count
 E = Vault monster count
 F = Vault count percentage of total count
                 A         B        C        D         E       F
            +---------+---------+-------+---------+---------+-------
      Total |      68 |       5 |   6.8 |      29 |       1 |   3.3
            +---------+---------+-------+---------+---------+-------
        D:1 |      14 |       0 |   0.0 |       9 |       0 |   0.0
        D:2 |      32 |       5 |  13.5 |      12 |       1 |   7.7
        D:3 |      22 |       0 |   0.0 |       8 |       0 |   0.0
            +---------+---------+-------+---------+---------+-------
